Map: 2000 Atmospheres LE

Players

Namshar

  • Race: Zerg Zerg
  • League: Master

Epic - Winner!

  • Race: Terran Terran
  • League: Grandmaster

Event: DreamHack SC2 Masters 2021 Summer

VOD

Have the link to the VOD?

Description

Time

  • Played on: May 26, 2021, 4:47 p.m.
  • Length: 10:08

All games in this series

Show
View Real Time Build Order
Export as new Build Order

Namshar Zerg 

Build Orders: Hatch First, Muta Ling Bane 

Get SALT Encoding   

  12  0:00  Drone  
  13  0:12  Overlord  
  13  0:17  Drone  
  14  0:30  Drone x2  
  16  0:47  Hatchery  
  15  0:51  Drone  
  15  0:54  Drone  
  17  0:57  Drone  
  18  1:08  Extractor  
  17  1:13  Spawning Pool  
  17  1:18  Drone  
  17  1:19  Drone  
  18  1:27  Drone  
  19  1:38  Drone  
  20  1:49  Drone  
  21  1:59  Queen x2  
  21  2:00  Zergling x4  
  27  2:13  Hatchery  
  26  2:18  Overlord  
  26  2:20  Drone  
  27  2:23  Drone  
  27  2:38  Drone x3  
  27  2:39  Metabolic Boost  
  30  2:44  Overlord  
  30  2:45  Drone  
  30  2:51  Queen  
  31  2:54  Drone  
  34  2:59  Drone  
  34  3:04  Drone  
  36  3:10  Drone x4  
  40  3:16  Drone  
  40  3:17  Queen  
  43  3:22  Overlord  
  43  3:27  Queen  
  43  3:32  Drone  
  43  3:34  Drone x2  
  48  3:42  Zergling x2  
  48  3:43  Zergling x2  
  48  3:47  Queen  
  52  3:53  Overlord x2  
  52  3:54  Queen  
  55  3:55  Drone  
  55  4:02  Drone  
  56  4:05  Drone x2  
  56  4:06  Overlord  
  58  4:14  Zergling x6  
  58  4:15  Drone  
  58  4:16  Drone x6  
  68  4:22  Zergling x2  
  68  4:29  Overlord  
  68  4:33  Zergling x2  
  68  4:34  Drone, Zergling x2  
  68  4:35  Drone x2  
  68  4:38  Drone x3  
  75  4:39  Drone  
  75  4:40  Lair  
  77  4:46  Spore Crawler  
  77  4:47  Spore Crawler  
  77  4:51  Extractor  
  77  4:52  Extractor, Baneling Nest  
  72  4:53  Drone x4  
  72  4:58  Drone  
  77  5:01  Spore Crawler  
  77  5:03  Drone x4  
  77  5:04  Extractor  
  79  5:09  Evolution Chamber  
  79  5:10  Drone x2  
  79  5:11  Evolution Chamber  
  79  5:22  Zergling x6  
  79  5:27  Zergling x6  
  82  5:32  Extractor  
  82  5:33  Extractor  
  82  5:35  Zergling x2  
  81  5:42  Queen x2  
  82  5:43  Drone  
  82  5:45  Queen  
  79  5:58  Drone, Overlord x2  
  79  5:59  Drone, Zerg Melee Weapons Level 1, Zerg Ground Armor Level 1  
  79  6:02  Hatchery  
  79  6:04  Overseer  
  80  6:15  Drone x2  
  81  6:20  Drone x9  
  81  6:24  Hatchery  
  89  6:30  Drone  
  89  6:32  Centrifical Hooks  
  90  6:42  Drone x2  
  90  6:43  Drone, Overlord x4  
  90  6:44  Zergling x8  
  97  6:51  Spire  
  96  6:54  Zergling x2  
  96  6:57  Overlord x2  
  96  6:58  Overlord  
  97  7:03  Zergling x10  
  97  7:04  Baneling x4  
  97  7:08  Zergling x6  
  105  7:13  Drone  
  106  7:15  Baneling  
  106  7:16  Zergling x2  
  106  7:17  Zergling x6  
  110  7:25  Drone x4  
  110  7:26  Queen  
  116  7:30  Drone x5  
  116  7:31  Hatchery  
  120  7:38  Baneling  
  120  7:39  Baneling x8  
  120  7:40  Zergling x16  
  128  7:58  Zergling x20  
  137  8:12  Drone  
  137  8:16  Overlord x6  
  129  8:42  Zergling x38  
  146  8:50  Mutalisk x7  
  147  9:04  Zergling x2  
  147  9:05  Extractor, Zergling x22  
  147  9:06  Baneling x12  
  156  9:10  Baneling  
  156  9:11  Baneling  
  156  9:15  Baneling x4, Overlord x2  
  156  9:16  Overlord  
  156  9:17  Zergling x2  
  143  9:39  Zergling x2  
  143  9:40  Zergling x32  
  143  9:42  Zergling x10  
  128  9:46  Zergling x4  
  128  9:48  Zergling x2  
Show
View Real Time Build Order
Export as new Build Order

Epic Terran - Winner!

Build Orders: Reaper Expand, Hellion Banshee 

Get SALT Encoding   

  12  0:00  SCV  
  13  0:12  SCV  
  14  0:17  Supply Depot  
  14  0:24  SCV  
  15  0:38  SCV  
  15  0:40  Barracks  
  16  0:42  Refinery  
  16  0:50  SCV  
  17  1:02  SCV  
  18  1:14  SCV  
  19  1:27  Reaper, Orbital Command  
  20  1:38  Command Center  
  20  1:47  Supply Depot  
  20  1:52  SCV  
  21  1:59  Marine  
  22  2:05  SCV  
  23  2:10  Factory  
  23  2:17  SCV  
  23  2:22  Barracks Reactor  
  24  2:23  Refinery  
  24  2:29  SCV  
  25  2:41  SCV  
  26  2:51  Orbital Command  
  26  2:53  SCV  
  26  2:54  Starport  
  27  3:00  Hellion  
  27  3:01  Hellion  
  27  3:05  SCV  
  32  3:09  Barracks Tech Lab  
  32  3:12  Supply Depot  
  32  3:17  SCV x2  
  34  3:22  Hellion x2  
  38  3:29  SCV x2  
  40  3:36  Banshee, Cloaking Field  
  43  3:42  Supply Depot  
  43  3:44  SCV x2  
  43  3:47  Hellion x2  
  49  3:56  SCV x2  
  49  3:59  Armory  
  51  4:07  Command Center  
  51  4:11  Hellion  
  51  4:16  Hellion  
  55  4:18  SCV  
  55  4:19  SCV  
  55  4:21  Banshee  
  60  4:30  Supply Depot  
  61  4:31  SCV  
  61  4:38  Barracks Tech Lab, SCV  
  62  4:42  Barracks  
  62  4:47  Barracks  
  62  4:51  SCV x2  
  64  4:55  Engineering Bay x2  
  64  4:56  Marine, Stimpack  
  64  4:57  Factory Reactor  
  65  5:03  SCV  
  65  5:04  Refinery, SCV  
  65  5:06  Refinery  
  67  5:16  SCV x2, Starport Reactor  
  67  5:27  Marine  
  63  5:29  SCV x2, Orbital Command  
  65  5:41  SCV x2  
  63  5:46  Marine x2  
  63  5:47  Marine  
  63  5:48  Marine x2  
  62  5:51  Terran Infantry Armor Level 1, Terran Infantry Weapons Level 1  
  62  5:53  SCV x2  
  62  5:55  Orbital Command, Siege Tank  
  62  5:56  Barracks x2  
  67  5:58  Supply Depot  
  67  6:02  Medivac  
  67  6:03  Supply Depot  
  69  6:04  Marine  
  69  6:05  SCV x2, Marine x2  
  69  6:08  Marine  
  75  6:11  Medivac  
  75  6:17  SCV x2, Supply Depot  
  76  6:21  SCV  
  76  6:24  Marine x4  
  81  6:26  Marine  
  81  6:28  Siege Tank  
  81  6:32  SCV x2  
  87  6:33  SCV  
  87  6:35  Combat Shield  
  88  6:45  SCV x2  
  90  6:47  SCV  
  90  6:49  Barracks  
  90  6:50  Barracks, Supply Depot  
  90  6:51  Barracks, Supply Depot  
  90  6:52  Barracks Reactor x2  
  91  6:54  Marine x3  
  91  6:56  Marine x2  
  91  7:00  Medivac  
  98  7:01  SCV x2  
  98  7:02  SCV  
  98  7:07  Medivac, Supply Depot  
  103  7:15  Marine x3, Supply Depot  
  103  7:16  Marine x2  
  103  7:20  Supply Depot  
  107  7:24  Siege Tank  
  107  7:27  Marine  
  107  7:29  Marine  
  111  7:30  Marine x2  
  111  7:33  Marine x5  
  119  7:40  Marine x3  
  122  7:45  Marine  
  122  7:47  Marine x2, Supply Depot x2  
  122  7:48  Marine  
  122  7:49  Medivac x2  
  122  7:51  Marine x2  
  130  7:56  Marine x3  
  135  7:58  Marine x3  
  135  8:03  Marine  
  135  8:04  Siege Tank  
  135  8:05  Marine  
  142  8:11  Marine x4  
  147  8:14  Marine x3  
  147  8:15  Command Center  
  147  8:16  Marine x2  
  152  8:20  Marine  
  152  8:21  Marine  
  152  8:23  Marine  
  152  8:24  Supply Depot  
  152  8:25  Supply Depot  
  154  8:29  Marine x3, Medivac  
  154  8:30  Marine  
  154  8:31  Marine  
  154  8:32  Marine x2  
  154  8:34  Marine  
  163  8:36  Marine  
  165  8:42  Supply Depot  
  165  8:43  Marine  
  165  8:44  Supply Depot  
  165  8:45  Marine, Medivac, Siege Tank  
  165  8:48  Marine  
  163  8:56  Marine  
  163  8:57  Marine x8  
  163  9:01  Marine  
  171  9:03  Marine, Supply Depot  
  171  9:06  Marine  
  170  9:14  Marine x9  
  177  9:18  Medivac x2  
  177  9:21  Marine x2  
  177  9:24  Marine  
  181  9:30  Siege Tank  
  185  9:32  Marine x9  
  186  9:39  Marine x2  
  186  9:42  Marine  
Tags
 
Add a new tag
Caveats
  • Supply blocks, unpowered buildings, or Contaminate may cause inaccurate times.
  • Supply counts are checked every 10 seconds.